 Dungeon Crawl Stone Soup version 0.30.0-10-gfe55d96785 (webtiles) character file.

Game seed: 7065870397221600564

46 Kenran the Chopper (level 3, -2/31 HPs)
             Began as a Minotaur Cinder Acolyte on May 14, 2023.
             Was a High Priest of Ignis.
             Slain by a worm (11 damage)
             ... on level 2 of the Dungeon.
             The game lasted 00:01:49 (1544 turns).

Kenran the Chopper (Minotaur Cinder Acolyte)        Turns: 1544, Time: 00:01:50

Health: -2/31      AC:  3    Str: 20    XL:     3   Next: 44%
Magic:  3/3        EV: 11    Int: 11    God:    Ignis [*****.]
Gold:   95         SH:  0    Dex:  5    Spells: 4/4 levels left

rFire   + . .        a - -1 hand axe (flame)
rCold   . . .        (no shield)
rNeg    . . .        d - +0 leather armour
rPois   .            (helmet restricted)
rElec   .            (no cloak)
rCorr   .            (no gloves)
SInv    .            (no boots)
Will    .....        (no amulet)
Stlth   +            (no ring)
HPRegen 0.25/turn    (no ring)
MPRegen 0.08/turn

%: no passive effects
@: no status effects
A: horns 2, retaliatory headbutt
a: Renounce Religion, Fiery Armour, Foxfire Swarm, Rising Flame


You were on level 2 of the Dungeon.
You worshipped Ignis.
Ignis was extremely pleased with you.
You visited 1 branch of the dungeon, and saw 2 of its levels.

You collected 95 gold pieces.

Inventory:

Hand Weapons
 a - a -1 hand axe of flaming (weapon)
Armour
 d - a +0 leather armour (worn)
Scrolls
 c - a scroll of butterflies {unknown}
 g - a scroll of enchant weapon {unknown}
 h - a scroll of poison {unknown}
Potions
 b - a potion of invisibility {unknown}
 e - a potion of resistance {unknown}
 f - a potion of cancellation {unknown}


   Skills:
 - Level 3.6 Fighting
 + Level 5.5 Axes
 - Level 1.0 Spellcasting
 - Level 2.1 Fire Magic


You had 4 spell levels left.
You didn't know any spells.
Your spell library contained the following spells:

 Spells                   Type           Power      Damage    Failure   Level
 Scorch                   Fire           10%        2d5       24%         2


Dungeon Overview and Level Annotations

Branches:
Dungeon (2/15)

Altars:
Fedhas


Innate Abilities, Weirdness & Mutations

You have a pair of horns on your head.
You reflexively headbutt those who attack you in melee.


Message History

You see here 4 stones.
A ball python comes into view.
The ball python hisses angrily.
A ball python is nearby!
You closely miss the ball python. Your headbutt misses the ball python.
The ball python bites you. The ball python closely misses you.
You barely miss the ball python. The ball python closely misses you.
You furiously retaliate!
You headbutt the ball python!
You kill the ball python!
No target in view!
No target in view!
You now have 95 gold pieces (gained 3).
A kobold comes into view. It is wielding a +0 whip.
The kobold shouts!
A giant cockroach and a worm come into view.
The kobold hits you but does no damage.
You hit the kobold but do no damage. Your headbutt misses the kobold.
The kobold hits you with a +0 whip.
You miss the kobold. The kobold barely misses you.
The kobold hits you with a +0 whip.
You barely miss the kobold. You headbutt the kobold.
You kill the kobold!
You hit the giant cockroach. You burn the giant cockroach.
You kill the giant cockroach!
The worm bites you!
Items here: ( ) ††.
You are too injured to fight recklessly!
You are too injured to fight recklessly!
You are too injured to fight recklessly!
You are too injured to fight recklessly!
You hit the worm. You burn the worm.
The worm is lightly wounded.
The worm bites you.
* * * LOW HITPOINT WARNING * * *
You hit the worm. You burn the worm.
The worm is moderately wounded.
You hit the worm but do no damage.
The worm is moderately wounded.
The worm bites you!
You die...

###########
###########.........#
#...w@......#######.#
#.########### #.# #.#
#.# #.# #.# #.# #.#
#.# #.# #.##


You could see a worm.

Vanquished Creatures
  An adder (D:2)
  A dart slug (D:1)
  4 ball pythons
  3 bats
  5 giant cockroaches
  2 hobgoblins
  2 jackals (D:1)
  3 kobolds
  2 quokkas
  4 frilled lizards
  3 goblins (D:1)
  A rat (D:1)
31 creatures vanquished.

Notes
Turn   | Place    | Note
-------+----------+-------------------------------------------
     0 | D:1      | Kenran the Minotaur Cinder Acolyte began the quest for the
                  | Orb.
     0 | D:1      | Reached XP level 1. HP: 19/19 MP: 1/1
    77 | D:1      | Reached skill level 4 in Axes
   207 | D:1      | Reached XP level 2. HP: 26/26 MP: 2/2
   573 | D:1      | Reached skill level 5 in Axes
  1170 | D:2      | Reached XP level 3. HP: 31/31 MP: 3/3
  1204 | D:2      | Found a blossoming altar of Fedhas.
  1544 | D:2      | Slain by a worm

Illustrated notes

Levels and vault maps discovered:
D:1:      heliophobic_arrival_battle_scene, layout_basic, minivault_24,
          chequers_arboretum, nicolae_eternal_life, minmay_misc_feat_cross
D:2:      layout_loops_ring, basic_altar

Skill      XL: |  1  2 |
---------------+-------+-----
Axes           | 4 5 |  5.5
Fighting       | |  3.6
Spellcasting   | |  1.0
Fire Magic     | |  2.1

Action                     || total
---------------------------++-------
  Melee: Hand axe          ||    81
         Headbutt          ||     7
         Punch             ||     1
 Armour: Robe              ||    10
         Leather armour    ||     8
  Dodge: Dodged            ||    48
